 Dungeon Crawl Stone Soup version 0.25-a0-280-gfa4545f159 (webtiles) character file.

Game seed: 1573074948343265044, levelgen mode: deterministic

922299 floatRand the End of an Era (level 27, -7/239 (240) HPs)
             Began as a Demonspawn Gladiator on Dec 10, 2019.
             Was the Champion of Qazlal.
             Killed from afar by a Brimstone Fiend (30 damage)
             ... with damnation
             ... created by the effects of Hell
             ... on level 5 of Gehenna.
             The game lasted 02:55:51 (68551 turns).

floatRand the End of an Era (Demonspawn Gladiator) Turns: 68551, Time: 02:55:54

HP:   -7/239 (240)  AC: 39    Str: 24      XL:     27
MP:   40/40         EV: 25    Int: 18 (19) God:    Qazlal [******]
Gold: 11506         SH: 28    Dex: 21 (23) Spells: 24/26 levels left

rFire    + + +     SeeInvis +   a - +7 Singing Sword {slice, sonic wave}
rCold    + + .     Gourm    .   g - +5 shield {reflect}
rNeg     + + .     Faith    .   L - +8 chain mail "Ikaz" {rF++ Regen+ Str+4 Int+3}
rPois    +         Spirit   .   (helmet restricted)
rElec    +         Reflect  +   V - scarf {rC+ rF+}
rCorr    +         Harm     .   k - +0 pair of gloves "Ujeruam" {rPois Dex+3 Stlth-}
MR       +++..                  (boots unavailable)
Stlth    ..........             C - amulet of the Shining One's Whim {Acrobat rN+}
HPRegen  0.89/turn              J - ring of protection from magic
MPRegen  0.27/turn              A - ring of resist corrosion

@: repel missiles
A: antennae 1, hooves 3, thin metallic scales 3, see invisible, clever 2, cold
resistance 1, demonic guardian 3, deterioration 1, icemail, negative energy
resistance 1, electricity resistance, 50% torment resistance, black mark,
freezing cloud immunity
}: 10/15 runes: decaying, slimy, silver, abyssal, demonic, glowing, magical,
fiery, dark, gossamer
a: Upheaval, Elemental Force, Disaster Area, Renounce Religion


You were on level 5 of Gehenna.
You worshipped Qazlal.
Qazlal was exalted by your worship.
You were not hungry.

You visited 13 branches of the dungeon, and saw 59 of its levels.
You visited Pandemonium 1 time, and saw 15 of its levels.
You visited the Abyss 1 time.
You also visited: Trove, Sewer, Gauntlet, Ice Cave and Volcano.

You collected 12505 gold pieces.
You spent 999 gold pieces at shops.

Inventory:

Hand Weapons
 a - the +7 Singing Sword (weapon) {slice, sonic wave}
   (You found it on level 6 of the Dungeon)

   It inflicts extra damage upon your enemies.
Missiles
 d - 7 throwing nets (quivered)
Armour
 g - a +5 shield of reflection (worn)
 k - the +0 pair of gloves "Ujeruam" (worn) {rPois Dex+3 Stlth-}
   (You found it on level 3 of the Lair of Beasts)

   It affects your dexterity (+3).
   It protects you from poison.
   It makes you less stealthy.
 w - the +1 helmet of Dagg {rN+ Regen+ Dex+4}
   (You found it in a Gauntlet)

   It affects your dexterity (+4).
   It protects you from negative energy.
   It increases your rate of regeneration.
 L - the +8 chain mail "Ikaz" (worn) {rF++ Regen+ Str+4 Int+3}
   (You found it on level 4 of the Depths)

   It affects your strength (+4).
   It affects your intelligence (+3).
   It greatly protects you from fire.
   It increases your rate of regeneration.
 V - a scarf of resistance (worn)
Jewellery
 m - the ring "Diyt" {rF+ rC+}
   (You found it on level 5 of the Vaults)

   [ring of protection from cold]

   It protects you from fire.
   It protects you from cold.
 r - the ring "Oricuoq" {+Fly rPois MR+++ Dex-4 Stlth+}
   (You acquired it in Pandemonium)

   [ring of poison resistance]

   It affects your dexterity (-4).
   It protects you from poison.
   It affects your resistance to hostile enchantments.
   It lets you fly.
   It makes you more stealthy.
 A - a ring of resist corrosion (right hand)
 C - the amulet of the Shining One's Whim (around neck) {Acrobat rN+}
   (You found it on level 4 of the Dungeon)

   [amulet of the acrobat]

   It helps you evade while moving and waiting.
   It protects you from negative energy.
 D - the ring of Luchuaf {+Fly rPois rF+ rN+}
   (You found it on level 3 of the Elven Halls)

   [ring of flight]

   It protects you from fire.
   It protects you from poison.
   It protects you from negative energy.
   It lets you fly.
 J - a ring of protection from magic (left hand)
Wands
 o - a wand of disintegration (83)
 y - a wand of flame (12)
 B - a wand of clouds (7)
 F - a wand of acid (32)
 H - a wand of scattershot (12)
 I - a wand of paralysis (33)
 N - a wand of digging (35)
 Y - a wand of iceblast (78)
Scrolls
 b - 6 scrolls of fear
 e - 44 scrolls of teleportation
 l - a scroll of summoning
 q - 2 scrolls of amnesia
 s - 40 scrolls of remove curse
 G - 11 scrolls of magic mapping
 K - 5 scrolls of blinking
 M - 5 scrolls of enchant armour
 Z - 6 scrolls of fog
Potions
 c - 5 potions of mutation
 h - 5 potions of berserk rage
 i - 11 potions of agility
 n - 4 potions of magic
 u - 2 potions of cancellation
 x - 16 potions of flight
 z - 3 potions of invisibility
 O - 3 potions of brilliance
 P - 19 potions of heal wounds
 Q - 5 potions of resistance
 R - 8 potions of ambrosia
 S - 15 potions of curing
 T - 6 potions of might
 W - a potion of haste
Comestibles
 f - 108 rations


   Skills:
 + Level 24.9 Fighting
 + Level 18.4 Long Blades
   Level 6.9 Axes
 - Level 1.7 Throwing
 + Level 21.9 Armour
 + Level 21.5 Dodging
 - Level 15.1 Shields
 O Level 27 Invocations


You had 24 spell levels left.
You knew the following spells:

 Your Spells              Type           Power        Failure   Level  Hunger
a - Blink                 Tloc           N/A          69%         2    ###....

Your spell library contained the following spells:

 Spells                   Type           Power        Failure   Level  Hunger
 Animate Skeleton         Necr           N/A          54%         1    ##.....
 Apportation              Tloc           #.....       54%         1    ##.....
 Confusing Touch          Hex            #.....       54%         1    ##.....
 Corona                   Hex            #......      54%         1    ##.....
 Foxfire                  Conj/Fire      #...         54%         1    ##.....
 Freeze                   Ice            #...         54%         1    ##.....
 Infusion                 Chrm           #...         54%         1    ##.....
 Magic Dart               Conj           #...         54%         1    ##.....
 Pain                     Necr           #...         54%         1    ##.....
 Shock                    Conj/Air       #...         54%         1    ##.....
 Summon Butterflies       Summ           #.......     54%         1    ##.....
 Summon Small Mammal      Summ           #...         54%         1    ##.....
 Call Imp                 Summ           #.......     69%         2    ###....
 Ensorcelled Hibernation  Hex/Ice        #.....       69%         2    ###....
 Poisonous Vapours        Pois/Air       #.....       69%         2    ###....
 Searing Ray              Conj           #.....       69%         2    ###....
 Shroud of Golubria       Chrm/Tloc      #.....       69%         2    ###....
 Slow                     Hex            #.......     69%         2    ###....
 Song of Slaying          Chrm           #.......     69%         2    ###....
 Sublimation of Blood     Necr           #.........   69%         2    ###....
 Swiftness                Chrm/Air       #.......     69%         2    ###....
 Call Canine Familiar     Summ           #.......     89%         3    ####...
 Confuse                  Hex            #.......     89%         3    ####...
 Conjure Flame            Conj/Fire      #.......     89%         3    ####...
 Dazzling Flash           Conj/Hex       #.....       89%         3    ####...
 Gell's Gravitas          Tloc           #.........   89%         3    ####...
 Ignite Poison            Fire/Tmut/Pois #.......     89%         3    ####...
 Inner Flame              Hex/Fire       #.......     89%         3    ####...
 Mephitic Cloud           Conj/Pois/Air  #.......     89%         3    ####...
 Ozocubu's Armour         Chrm/Ice       #.......     89%         3    ####...
 Portal Projectile        Hex/Tloc       #.....       89%         3    ####...
 Recall                   Summ/Tloc      N/A          89%         3    ####...
 Regeneration             Chrm/Necr      #.........   89%         3    ####...
 Spectral Weapon          Hex/Chrm       #.......     89%         3    ####...
 Spider Form              Tmut/Pois      #.........   89%         3    ####...
 Static Discharge         Conj/Air       #.......     89%         3    ####...
 Summon Guardian Golem    Hex/Summ       #.......     89%         3    ####...
 Teleport Other           Tloc           #.......     89%         3    ####...
 Tukima's Dance           Hex            #.......     89%         3    ####...
 Vampiric Draining        Necr           #.........   89%         3    ####...
 Animate Dead             Necr           N/A          100%        4    #####..
 Cause Fear               Hex            #.........   100%        4    #####..
 Fulminant Prism          Conj/Hex       #.........   100%        4    #####..
 Hailstorm                Conj/Ice       #.......     100%        4    #####..
 Ice Form                 Ice/Tmut       #.......     100%        4    #####..
 Iskenderun's Mystic Bla  Conj/Tloc      #.......     100%        4    #####..
 Leda's Liquefaction      Hex/Erth       #.........   100%        4    #####..
 Petrify                  Tmut/Erth      #.......     100%        4    #####..
 Summon Ice Beast         Ice/Summ       #.......     100%        4    #####..
 Summon Lightning Spire   Summ/Air       #.......     100%        4    #####..
 Agony                    Necr           #.......     100%        5    ######.
 Alistair's Intoxication  Tmut/Pois      #.......     100%        5    ######.
 Bolt of Magma            Conj/Fire/Erth #.........   100%        5    ######.
 Dispel Undead            Necr           #.......     100%        5    ######.
 Fireball                 Conj/Fire      #.........   100%        5    ######.
 Irradiate                Conj/Tmut      #.........   100%        5    ######.
 Iskenderun's Battlesphe  Conj/Chrm      #.......     100%        5    ######.
 Lightning Bolt           Conj/Air       #.........   100%        5    ######.
 Metabolic Englaciation   Hex/Ice        #.........   100%        5    ######.
 Silence                  Hex/Air        #.........   100%        5    ######.
 Summon Mana Viper        Hex/Summ       #.......     100%        5    ######.
 Yara's Violent Unravell  Hex/Tmut       #.........   100%        5    ######.
 Darkness                 Hex            #.........   100%        6    #######
 Deflect Missiles         Chrm/Air       #.........   100%        6    #######
 Eringya's Noxious Bog    Tmut/Pois      #.........   100%        6    #######
 Freezing Cloud           Conj/Ice/Air   #.........   100%        6    #######
 Iron Shot                Conj/Erth      #.........   100%        6    #######
 Ozocubu's Refrigeration  Ice            #.........   100%        6    #######
 Simulacrum               Ice/Necr       #.........   100%        6    #######
 Starburst                Conj/Fire      #.........   100%        6    #######
 Dragon Form              Tmut           #.........   100%        7    #######
 Orb of Destruction       Conj           #.........   100%        7    #######
 Ring of Flames           Chrm/Fire      #.........   100%        7    #######
 Spellforged Servitor     Conj/Summ      #.........   100%        7    #######
 Summon Hydra             Summ           #.........   100%        7    #######
 Controlled Blink         Tloc           N/A          100%        8    #######
 Discord                  Hex            #.........   100%        8    #######
 Ignition                 Fire           #.........   100%        8    #######
 Necromutation            Tmut/Necr      #.........   100%        8    #######
 Dragon's Call            Summ           #.........   100%        9    #######
 Shatter                  Erth           #.........   100%        9    #######
 Tornado                  Air            #.........   100%        9    #######


Dungeon Overview and Level Annotations

Branches:
Dungeon (15/15)            Temple (1/1) D:6            Lair (6/6) D:10
  Swamp (4/4) Lair:2       Spider (4/4) Lair:2        Slime (5/5) Lair:5
    Orc (2/2) D:9             Elf (3/3) Orc:2        Vaults (5/5) D:13
  Crypt (3/3) Vaults:2       Tomb (0/3) Crypt:3      Depths (5/5) D:15
   Hell (visited)             Dis (0/7) Hell            Geh (5/7) Hell
    Coc (0/7) Hell            Tar (0/7) Hell            Zot (0/5) Depths:5
  Sewer (visited)           IceCv (visited)         Volcano (visited)
Gauntlet (visited)

Altars:
Ashenzari
Cheibriados
Dithmenos
Elyvilon
Fedhas
Gozag
Hepliaklqana
Kikubaaqudgha
Makhleb
Nemelex Xobeh
Okawaru
Qazlal
Ru
Sif Muna
Trog
Uskayaw
Vehumet
Wu Jian
Xom
Yredelemnul
Zin
The Shining One
Beogh
Jiyva
Lugonu

Shops:
D:9 }%   Orc:1 (   Orc:2 }=?(   Elf:1 [   Vaults:2 *   Vaults:3 %   Vaults:4 [
Vaults:5 :   Depths:2 %![*   Depths:5 *

Portals:
Hell: Depths:1 Depths:2 Depths:3 Depths:4 Depths:5
Abyss: Depths:1 Depths:2 Depths:4 Depths:5
Pandemonium: Depths:3 Depths:5
Ziggurat: Depths:5

Annotations:
D:2 1 runed translucent door, Crazy Yiuf
Elf:1 6 runed translucent doors
Elf:2 3 runed translucent doors


Innate Abilities, Weirdness & Mutations

You have hooves in place of feet.
You are completely covered in thin metallic scales. (AC +4, rElec)
Your flesh is cold resistant. (rC+)
A powerful demonic guardian rushes to your aid.
A meltable icy envelope protects you from harm. (AC +10)
You resist negative energy. (rN+)
You are somewhat able to resist unholy torments (1 in 2 success).
Your melee attacks may debilitate your foes.
You are immune to freezing clouds.
You have a pair of small antennae on your head.
You have supernaturally acute eyesight. (SInv)
Your mind is very acute. (Int +4)
Your body sometimes deteriorates upon taking damage.
You are resistant to electric shocks. (rElec)


Message History

You slice the Brimstone Fiend!!
The Singing Sword tinkles.
You send a blast of sound all around you.
The Brimstone Fiend is blasted.
The Brimstone Fiend is almost dead.
You kick the Brimstone Fiend, but do no damage.
The Brimstone Fiend is almost dead.
The Brimstone Fiend gestures at you.
The sphere of damnation explodes!
The damnation engulfs you!!!
* * * LOW HITPOINT WARNING * * *
Your body deteriorates!
You feel clumsy.
The damnation engulfs the Brimstone Fiend.
The Brimstone Fiend completely resists.
You hit the Brimstone Fiend but do no damage.
You kick the Brimstone Fiend.
The Brimstone Fiend is almost dead.
Your icy envelope is restored.
The Brimstone Fiend gestures at you.
The sphere of damnation explodes!
The damnation engulfs you!!
You die...

...........^##... #......
...........##.....##...≈≈
...........+.......'.≈≈≈≈
...........#.......#.§≈≈§
...........#.......#.≈≈§≈
...........##.....##...§§
.......○°§..##...##§≈..§.
#.......○☼.†#####§≈≈....
##...##@1.)†≈§§...≈....§
##. #°.)))≈§.......... #
#.☼°...†..####...§
##.....†..# .....
#......#### ..≈..
###+#..# ..§.§. #.##..#
.....# ...+.#.. ......#
##.####... ....


You could see a Brimstone Fiend.

Vanquished Creatures
  Cerebov (Pan)
  4 pandemonium lords (Pan)
  the Royal Jelly (Slime:5)
  Ignacio (Pan)
  Dissolution (Slime:2)
  Gloorx Vloq (Pan)
  Lom Lobon (Pan)
  Mnoleg (Pan)
  2 ancient liches
  Mara (Depths:2)
  A juggernaut (Depths:4)
  Mennas (Crypt:3)
  A caustic shrike (Depths:4)
  Geryon (Hell)
  A curse toe (Crypt:3)
  A golden dragon (shapeshifter) (Depths:4)
  Nikola (Spider:3)
  2 golden dragons
  A profane servitor (Crypt:3)
  A Tzitzimitl (Pan)
  3 Brimstone Fiends (Pan)
  8 liches
  A doom hound (Pan)
  3 Ice Fiends (Pan)
  7 titans
  2 deep elf blademasters (Elf:3)
  2 Hell Sentinels (Pan)
  2 deep elf master archers (Elf:3)
  5 quicksilver dragons
  7 tentacled monstrosities
  15 acid blobs
  Asterion (Spider:3)
  4 sphinxes
  2 tentacled starspawn (Abyss:3)
  25 Executioners
  11 ancient champions
  5 shadow dragons
  A thorn hunter (Swamp:4)
  Kirke (D:15)
  Roxanne (Swamp:2)
  5 storm dragons
  8 tengu reavers
  6 revenants
  Donald (Swamp:1)
  15 azure jellies
  4 fire giants
  6 corrupters (Pan)
  9 frost giants
  18 cacodemons (Pan)
  18 vault wardens
  3 ghost moths (Spider:4)
  10 deep elf sorcerers
  19 balrugs
  Louise (Swamp:2)
  2 orc warlords (Depths:2)
  An emperor scorpion (Spider:1)
  2 iron dragons
  5 deep elf elementalists
  4 draconian stormcallers (Depths:5)
  6 ghouls
  4 curse skulls
  14 reapers
  3 warmongers (Pan)
  A draconian annihilator (Depths:5)
  11 vampire knights
  16 ironheart preservers
  7 entropy weavers
  3 spriggan defenders
  20 very ugly things
  4 blood saints (Pan)
  5 deep elf annihilators
  4 black suns (Pan)
  2 war gargoyles
  9 deep elf demonologists
  15 stone giants
  14 lorocyprocas
  A white draconian (Depths:5)
  2 red draconians
  A minotaur (Gauntlet)
  A purple draconian (Depths:5)
  6 spark wasps
  A black draconian (Depths:5)
  22 blizzard demons
  17 ettins
  15 green deaths
  12 deep elf death magi
  A crystal guardian (Vaults:5)
  3 quicksilver dragon zombies
  11 fire dragons
  A merfolk impaler (Depths:4)
  3 eidola
  18 jiangshi
  8 deep elf high priests
  5 death oozes (Slime:5)
  Harold (D:10)
  16 yaktaur captains
  12 great orbs of eyes
  2 juggernaut simulacra (Pan)
  4 hell beasts
  A spriggan air mage (Depths:3)
  13 ice dragons
  5 monstrous demonspawn
  11 rakshasas
  44 vault guards
  2 ghost crabs (Swamp:2)
  26 hydras
  13 centaur warriors
  4 death knights
  5 shambling mangroves
  The ghost of Borgoz the Slicer, a journeyman KoGl of Okawaru (D:11)
  14 dancing weapons
  A queen ant (Lair:5)
  53 two-headed ogres
  12 deep troll shamans
  5 deep troll earth magi
  15 hell hogs
  5 alligators
  9 tengu warriors
  4 orc high priests
  14 vampire magi
  16 ogre magi
  8 death yaks
  41 hell knights
  6 holy swine (Pan)
  A spriggan berserker (Depths:4)
  2 shock serpents (shapeshifter)
  13 deep elf knights
  2 titan skeletons
  3 wretched stars (Abyss:3)
  3 iron golems (Hell)
  41 sun demons
  24 soul eaters
  A storm dragon zombie (Crypt:1)
  4 iron trolls
  24 sixfirhies (Pan)
  30 skeletal warriors
  5 storm dragon skeletons
  15 shadow wraiths
  2 salamander mystics
  15 deep trolls
  5 unseen horrors
  18 wizards
  8 swamp dragons
  8 glowing orange brains
  3 golden dragon zombies
  An anaconda zombie (Hell)
  4 torturous demonspawn (Pan)
  10 flayed ghosts
  2 spriggan druids (Swamp:4)
  A shadow dragon zombie (Crypt:3)
  A glowing orange brain (shapeshifter) (D:14)
  17 deep elf archers
  3 gelid demonspawn (Pan)
  15 phantasmal warriors
  2 infernal demonspawn (Pan)
  6 shadow demons (Pan)
  A golden dragon skeleton (Pan)
  15 ironbrand convokers
  18 orc knights
  15 necromancers
  12 orb spiders
  3 anaconda skeletons
  41 wolf spiders
  65 deep elf magi
  2 fire giant zombies
  A sphinx skeleton (Vaults:2)
  43 ugly things
  An oklob plant (Gauntlet)
  7 salamanders
  8 orc sorcerers
  4 manticores
  2 shining eyes
  4 wolf spider zombies
  A manticore (shapeshifter) (Vaults:3)
  An iron dragon skeleton (Pan)
  A stone giant zombie (Geh:2)
  2 fire giant skeletons
  2 worldbinders (Abyss:3)
  A moth of wrath (Spider:4)
  2 shadow dragon skeletons
  4 cyclopes
  2 stone giant skeletons
  A frost giant skeleton (Vaults:2)
  2 black mambas
  6 elephants
  Joseph (D:7)
  2 rust devils (Hell)
  2 dire elephant zombies
  15 vault sentinels
  4 gargoyles
  6 ice statues
  30 orange demons
  Psyche (D:10)
  A guardian serpent (shapeshifter) (Vaults:2)
  A spiny frog (shapeshifter) (Depths:3)
  18 spiny frogs
  3 torpor snails
  4 centaur skeletons
  3 molten gargoyles
  A white draconian zombie (Crypt:1)
  37 smoke demons
  A dire elephant skeleton (Geh:5)
  A shock serpent skeleton (Pan)
  2 eyes of devastation
  66 yaktaurs
  7 hellions
  A kobold demonologist (D:11)
  A rime drake (Lair:5)
  3 human zombies
  A catoblepas zombie (Crypt:3)
  5 komodo dragons
  An ancient zyme (Abyss:3)
  5 efreet
  An emperor scorpion zombie (Geh:2)
  4 elves (Depths:2)
  15 demonic crawlers
  13 tormentors
  12 freezing wraiths
  6 ice devils (Pan)
  A guardian mummy (Crypt:3)
  A red draconian skeleton (Crypt:2)
  16 hellwings (Pan)
  12 trolls
  12 human skeletons
  A yellow draconian skeleton (Crypt:1)
  3 hydra zombies (Hell)
  25 red devils
  8 tengu conjurers
  A jumping spider (shapeshifter) (D:15)
  8 meliai
  A hornet (shapeshifter) (Vaults:1)
  26 jumping spiders
  30 large abominations
  40 hornets
  A sphinx simulacrum (Vaults:5)
  A meliai (shapeshifter) (Vaults:5)
  2 queen bees
  2 polar bears (shapeshifter)
  5 hippogriffs
  5 tyrant leeches
  8 blink frogs
  19 polar bears
  3 raiju (Abyss:3)
  A guardian serpent zombie (Crypt:3)
  2 harpy skeletons
  2 hydra skeletons (Hell)
  99 slime creatures
  2 frost giant simulacra
  The ghost of p0werm0de the Charlatan, an amateur OpAr of Ru (D:4)
  14 dream sheep
  A tarantella zombie (Crypt:2)
  2 stone giant simulacra (Crypt:3)
  13 bog bodies
  3 fire dragon zombies
  A human simulacrum (Vaults:2)
  A snapping turtle (shapeshifter) (Vaults:5)
  A dream sheep (shapeshifter) (Depths:1)
  3 ettin skeletons
  11 flying skulls
  2 fire giant simulacra
  An alligator zombie (Hell)
  A redback (shapeshifter) (Elf:3)
  An ettin zombie (Crypt:1)
  64 redbacks
  2 black mamba zombies
  10 shadows
  A centaur simulacrum (D:11)
  2 fire dragon skeletons
  13 wraiths
  7 vampires
  11 ynoxinuls (Pan)
  2 ice dragon skeletons
  33 tarantellas
  A spriggan skeleton (Depths:1)
  30 spriggans
  A wyvern (Lair:6)
  6 humans (D:13)
  A yak (shapeshifter) (Vaults:4)
  A steam dragon (D:13)
  68 yaks
  4 air elementals
  A black mamba skeleton (Crypt:1)
  A fire bat (shapeshifter) (Vaults:1)
  11 golden eyes (Slime:2)
  A hog (shapeshifter) (Depths:3)
  2 hogs (D:15)
  6 chaos spawn
  17 water elementals
  12 fire bats
  22 fire elementals
  2 hungry ghosts
  4 basilisks
  28 neqoxecs
  11 wargs
  19 vampire mosquitoes
  19 insubstantial wisps
  A soldier ant (shapeshifter) (Crypt:3)
  17 swamp worms
  A hydra simulacrum (Hell)
  2 deep troll skeletons
  2 spiny frog zombies
  2 acid dragons (Gauntlet)
  9 water moccasins
  12 soldier ants (Lair:5)
  2 faun skeletons
  32 hell hounds
  2 spiny frog skeletons
  35 orc warriors
  4 porcupines
  6 small abominations
  5 eyes of draining
  15 ice beasts
  A hornet zombie (D:11)
  12 swamp drakes
  An ettin simulacrum (Crypt:3)
  4 sky beasts
  2 sky beasts (shapeshifter)
  37 ogres
  4 phantoms
  10 black bears
  5 necrophages
  An alligator simulacrum (Hell)
  A swamp dragon zombie (Hell)
  An eye of draining (shapeshifter) (Vaults:1)
  2 manticore zombies
  12 boggarts
  50 wolves
  2 snapping turtle zombies
  8 centaurs
  A lindwurm skeleton (Crypt:2)
  An ogre (shapeshifter) (Depths:3)
  An elephant skeleton (Crypt:1)
  A swamp dragon skeleton (Crypt:2)
  A snapping turtle skeleton (Pan)
  2 yaktaur zombies
  Blork the orc (D:6)
  20 crocodiles
  2 elf simulacra
  A big kobold (shapeshifter) (Vaults:2)
  A big kobold (D:7)
  18 bullfrogs
  3 earth elementals
  A wyvern zombie (D:11)
  A gnoll sergeant (Orc:2)
  A glowing shapeshifter simulacrum (Vaults:3)
  A spiny frog simulacrum (Hell)
  6 scorpions
  2 wyvern skeletons
  An orc simulacrum (Vaults:1)
  56 killer bees
  A troll skeleton (Crypt:3)
  A polar bear skeleton (Crypt:2)
  28 wights
  4 electric eels
  6 howler monkeys
  A polar bear zombie (Crypt:2)
  11 crimson imps
  6 lava snakes (Volcano)
  A quasit (Abyss:3)
  6 bullfrog zombies
  3 centaur zombies
  A jelly (D:9)
  41 orc wizards
  19 orc priests
  6 hounds
  2 bullfrog skeletons
  5 iron imps
  A black bear skeleton (Crypt:3)
  Terence (D:2)
  Natasha (thrice) (D:1)
  6 iguanas
  17 hell rats
  20 worker ants
  2 bullfrog simulacra (D:11)
  2 spectral hounds (Depths:2)
  2 hound zombies
  A hound skeleton (D:10)
  12 mummies (Crypt:3)
  3 worker ant zombies
  17 adders
  8 gnolls
  3 shadow imps
  2 white imps (D:11)
  A howler monkey simulacrum (D:11)
  A worker ant simulacrum (D:11)
  An ufetubus (Abyss:3)
  6 oozes
  2 adder skeletons (D:4)
  11 worms
  4 dart slugs
  6 leopard geckos
  117 orcs
  9 bats
  9 giant cockroaches
  6 goblins
  3 hobgoblins
  8 jackals
  18 kobolds
  10 quokkas
  3 ball pythons
  6 frilled lizards
  A frilled lizard zombie (Crypt:1)
  A giant cockroach zombie (Crypt:1)
  A jackal skeleton (D:8)
  A jackal zombie (Crypt:2)
  A kobold zombie (Geh:5)
  A leopard gecko zombie (D:6)
  7 rats
  A block of ice (Pan)
  2 bushes
  10 fungi
  12 plants
  6 starspawn tentacles (Abyss:3)
3462 creatures vanquished.

Vanquished Creatures (collateral kills)
  A pandemonium lord (Pan)
  Arachne (Spider:3)
  A tentacled monstrosity (Depths:4)
  2 acid blobs
  An Executioner (Pan)
  An ancient champion (Crypt:3)
  An azure jelly (Slime:1)
  A fire giant (Depths:4)
  A ghost moth (Spider:2)
  An emperor scorpion (Spider:1)
  A large abomination (Elf:3)
  2 stone giants (Depths:2)
  2 cacodemons (Pan)
  2 deep elf elementalists (Elf:3)
  A reaper (Hell)
  2 ironheart preservers
  2 very ugly things (Depths:3)
  Azrael (Orc:2)
  A deep elf annihilator (Elf:3)
  A deep elf demonologist (Vaults:3)
  A green death (Pan)
  A death ooze (Slime:5)
  A deep elf high priest (Elf:1)
  A hydra (Swamp:4)
  A vault guard (Vaults:1)
  A great orb of eyes (Slime:5)
  2 ogre magi
  2 two-headed ogres
  A death knight (Vaults:3)
  A deep troll earth mage (Vaults:3)
  3 hell hogs
  4 hell knights (Geh:2)
  A soul eater (Pan)
  2 deep elf knights
  A sixfirhy (Pan)
  A skeletal warrior (Hell)
  An unseen horror (Vaults:1)
  3 deep trolls
  2 swamp dragons (Swamp:4)
  A deep elf archer (Elf:1)
  5 wolf spiders
  An orc knight (Orc:2)
  5 deep elf magi
  A stone giant zombie (Crypt:3)
  2 orb spiders
  An ugly thing (Depths:3)
  4 slime creatures
  A vault sentinel (Vaults:2)
  A spiny frog (Lair:5)
  3 yaktaurs
  A tormentor (Geh:5)
  A tengu conjurer (Depths:4)
  A queen bee (Lair:4)
  3 red devils (Geh:5)
  A bog body (Swamp:4)
  A blink frog (Lair:4)
  Sigmund (D:6)
  A wraith (Crypt:1)
  2 redbacks
  A water elemental (Elf:3)
  2 spriggans
  A fire dragon skeleton (Geh:5)
  2 tarantellas (Spider:4)
  A fire elemental (Orc:2)
  A warg (Depths:2)
  Menkaure (D:6)
  A swamp worm (Swamp:4)
  2 hell hounds (Orc:2)
  2 swamp drakes (Swamp:4)
  An orc warrior (Orc:2)
  A phantom (D:6)
  2 wolves
  5 ogres
  A crocodile (Lair:6)
  A big kobold (D:9)
  A spectral bullfrog (D:11)
  4 orc priests
  2 orc wizards
  A killer bee zombie (D:5)
  A howler monkey zombie (D:9)
  5 orcs
  2 kobolds
134 creatures vanquished.

Vanquished Creatures (others)
  A titan (Vaults:5)
  An eldritch tentacle (Pan)
  A storm dragon (Depths:5)
  A fire giant (Depths:4)
  A frost giant (Vaults:5)
  A spriggan defender (Depths:3)
  A draconian annihilator (Pan)
  A reaper (Crypt:3)
  2 blood saints (Pan)
  5 yaktaur captains (Vaults:5)
  2 blizzard demons (Pan)
  A rakshasa (Pan)
  An ice dragon (Depths:4)
  A monstrous demonspawn (Pan)
  A two-headed ogre (D:15)
  3 hell hogs
  2 deep elf knights (Vaults:3)
  A shadow wraith (Hell)
  A ghost moth zombie (Geh:2)
  2 swamp dragons (Swamp:2)
  2 torturous demonspawn (Pan)
  An infernal demonspawn (Pan)
  A glowing orange brain (Pan)
  2 wolf spiders (Spider:3)
  A smoke demon (Hell)
  A demonic crawler (Spider:3)
  A rime drake (IceCv)
  3 yaktaurs
  A red devil (Geh:2)
  A hornet (Swamp:4)
  Prince Ribbit (D:6)
  A flying skull (Geh:2)
  A black mamba zombie (Geh:2)
  2 redbacks (Spider:3)
  3 humans (D:15)
  A hell hound (Geh:2)
  An orc warrior (Vaults:5)
  A killer bee (Abyss:3)
  A wight (Geh:2)
  A hell rat (Hell)
  3 ball lightnings (Pan)
  A bat (D:3)
  A block of ice (Pan)
  A bush (Lair:4)
  13 fungi
  17 plants
  A starspawn tentacle (Abyss:3)
94 creatures vanquished.

Grand Total: 3690 creatures vanquished

Notes
Turn   | Place    | Note
-------+----------+-------------------------------------------
     0 | D:1      | floatRand the Demonspawn Gladiator began the quest for the
                  | Orb.
     0 | D:1      | Reached XP level 1. HP: 16/16 MP: 1/1
   246 | D:1      | Gained mutation: You are partially covered in thin metallic
                  | scales. (AC +2) [demonic ancestry]
   246 | D:1      | Reached XP level 2. HP: 21/22 MP: 2/2
   515 | D:2      | Noticed Natasha
   524 | D:1      | Reached skill level 1 in Armour
   540 | D:1      | Noticed a crimson imp
   550 | D:1      | Killed Natasha
   550 | D:1      | Reached XP level 3. HP: 9/28 MP: 3/3
   810 | D:1      | Noticed Natasha
   820 | D:1      | Killed Natasha
   820 | D:1      | Gained mutation: You have large cloven feet. [demonic
                  | ancestry]
   820 | D:1      | Reached XP level 4. HP: 26/35 MP: 4/4
   937 | D:1      | Noticed Natasha
   944 | D:1      | Killed Natasha
  1375 | D:2      | Gained mutation: Your flesh is cold resistant. (rC+)
                  | [demonic ancestry]
  1375 | D:2      | Reached XP level 5. HP: 41/41 MP: 5/5
  1417 | D:2      | Noticed Terence
  1440 | D:2      | Killed Terence
  1935 | D:2      | Found a runed translucent door.
  1936 | D:2      | Noticed Crazy Yiuf
  2269 | D:3      | Found a glowing drain.
  2355 | Sewer    | Entered a sewer
  2360 | Sewer    | Gained mutation: A weak demonic guardian rushes to your
                  | aid. [demonic ancestry]
  2360 | Sewer    | Reached XP level 6. HP: 42/48 MP: 6/6
  4085 | D:4      | Found a runed translucent gate.
  4086 | D:4      | Found a runed translucent gate.
  4086 | D:4      | Found a runed translucent gate.
  4087 | D:4      | Noticed p0werm0de's ghost (amateur OpAr)
  4336 | D:4      | Gained mutation: You are immune to freezing clouds.
                  | [demonic ancestry]
  4336 | D:4      | Reached XP level 7. HP: 55/55 MP: 7/7
  4542 | D:4      | Reached skill level 5 in Fighting
  4542 | D:4      | Reached skill level 5 in Axes
  4676 | D:4      | Got a vibrating jade amulet
  4792 | D:5      | Entered Level 5 of the Dungeon
  4792 | D:5      | Found a shadowy altar of Dithmenos.
  5707 | D:4      | Killed p0werm0de's ghost
  5707 | D:4      | Reached XP level 8. HP: 50/64 MP: 8/8
  5964 | D:5      | Reached skill level 5 in Armour
  6482 | D:6      | Noticed Sigmund
  6494 | D:6      | Killed Sigmund
  6724 | D:6      | Noticed Prince Ribbit
  6786 | D:6      | Reached XP level 9. HP: 42/72 MP: 9/9
  6787 | D:6      | Killed Prince Ribbit
  6991 | D:6      | Found the +7 Singing Sword {slice, sonic wave}
  7051 | D:6      | Noticed Blork the orc
  7059 | D:6      | Killed Blork the orc
  7117 | D:6      | Noticed Menkaure
  7268 | D:6      | Killed Menkaure
  7268 | D:6      | Reached skill level 1 in Long Blades
  7597 | D:6      | Found a staircase to the Ecumenical Temple.
  7606 | Temple   | Entered the Ecumenical Temple
  7667 | Temple   | Became a worshipper of Qazlal Stormbringer
  7722 | D:6      | Reached skill level 1 in Invocations
  8208 | D:7      | Noticed Joseph
  8217 | D:7      | Killed Joseph
  8217 | D:7      | Reached skill level 3 in Invocations
  8762 | D:7      | Reached skill level 4 in Invocations
  9415 | D:8      | Reached skill level 5 in Long Blades
  9452 | D:8      | Reached skill level 5 in Invocations
  9510 | D:8      | Noticed a manticore
  9520 | D:8      | Killed a manticore
  9520 | D:8      | Reached XP level 10. HP: 62/79 MP: 12/14
  9595 | D:8      | Reached * piety under Qazlal
  9968 | D:8      | Reached skill level 6 in Invocations
 10583 | D:9      | Upgraded the game from 0.25-a0-277-g7046ed1b37 to
                  | 0.25-a0-280-gfa4545f159
 10631 | D:9      | Found Yqecarig's Gadget Shoppe.
 10639 | D:9      | Found a staircase to the Orcish Mines.
 10691 | D:9      | Reached skill level 7 in Invocations
 10834 | D:9      | Reached ** piety under Qazlal
 10840 | D:9      | Found an iron altar of Okawaru.
 10855 | D:9      | Found Uschagg's Food Boutique.
 10889 | D:9      | Reached skill level 8 in Invocations
 11247 | D:10     | Entered Level 10 of the Dungeon
 11275 | D:10     | Noticed a gargoyle
 11280 | D:10     | Killed a gargoyle
 11300 | D:10     | Noticed a two-headed ogre
 11304 | D:10     | Killed a two-headed ogre
 11317 | D:10     | Gained mutation: You are mostly covered in thin metallic
                  | scales. (AC +3) [demonic ancestry]
 11317 | D:10     | Reached XP level 11. HP: 55/84 MP: 17/17
 11469 | D:10     | Reached skill level 1 in Shields
 11486 | D:10     | Reached skill level 9 in Invocations
 11508 | D:10     | Found a staircase to the Lair.
 11511 | D:10     | Noticed Psyche
 11518 | D:10     | Killed Psyche
 11521 | D:10     | Noticed a two-headed ogre
 11530 | D:10     | Killed a two-headed ogre
 11556 | D:10     | Noticed an unseen horror
 11568 | D:10     | Killed an unseen horror
 11732 | D:10     | Noticed Harold
 11740 | D:10     | Killed Harold
 11740 | D:10     | Reached *** piety under Qazlal
 11740 | D:10     | Reached skill level 10 in Invocations
 12000 | D:10     | Identified the amulet of the Shining One's Whim {Acrobat
                  | rN+} (You found it on level 4 of the Dungeon)
 12130 | D:11     | Noticed a white ugly thing
 12142 | D:11     | Killed a white ugly thing
 12151 | D:11     | Got a crude leather armour
 12158 | D:11     | Reached skill level 10 in Long Blades
 12222 | D:11     | Reached skill level 11 in Invocations
 12267 | D:10     | Reached **** piety under Qazlal
 12460 | D:11     | Found a frozen archway.
 12471 | IceCv    | Entered an ice cave
 12481 | IceCv    | Reached XP level 12. HP: 80/94 MP: 20/20
 12493 | IceCv    | Identified the +1 leather armour of Zomiroigi {+Blink +Fly
                  | SInv} (You found it on level 11 of the Dungeon)
 12759 | IceCv    | Noticed a death yak
 12768 | IceCv    | Killed a death yak
 12768 | IceCv    | Reached skill level 12 in Invocations
 13089 | IceCv    | Noticed a death yak
 13098 | IceCv    | Killed a death yak
 13238 | IceCv    | Noticed a frost giant
 13248 | IceCv    | Killed a frost giant
 13248 | IceCv    | Reached skill level 5 in Shields
 13248 | IceCv    | Reached skill level 13 in Invocations
 13264 | IceCv    | Found the ring of Shadows {Umbra +Inv Stlth+}
 13655 | D:11     | Got an ichor-stained cloak
 13743 | D:11     | Found a runed translucent gate.
 13743 | D:11     | Found a runed translucent gate.
 13743 | D:11     | Found a runed translucent gate.
 13743 | D:11     | Noticed Borgoz's ghost (journeyman KoGl)
 13923 | D:11     | Reached ***** piety under Qazlal
 13926 | D:11     | Killed Borgoz's ghost
 14033 | Lair:1   | Entered Level 1 of the Lair of Beasts
 14074 | Lair:1   | Identified the +1 cloak "Heguoqaick" {MP-9 Str+3 Dex+2}
                  | (You found it on level 11 of the Dungeon)
 14134 | Lair:1   | Gained mutation: You are completely covered in thin
                  | metallic scales. (AC +4, rElec) [demonic ancestry]
 14134 | Lair:1   | Reached XP level 13. HP: 66/101 MP: 14/23
 15167 | Lair:2   | Reached skill level 14 in Invocations
 15307 | Lair:2   | Found a staircase to the Swamp.
 15654 | Lair:2   | Got a dazzling falchion
 15730 | Lair:2   | Found a hole to the Spider Nest.
 16060 | Lair:3   | Identified the Catalogue of Cloudy Self-Improvement
 16677 | Lair:3   | Got a pair of jewelled gloves
 16687 | Lair:3   | Identified the cursed +0 pair of gloves "Ujeruam" {rPois
                  | Dex+3 Stlth-} (You found it on level 3 of the Lair of
                  | Beasts)
 17258 | Lair:4   | Reached skill level 10 in Fighting
 18069 | Lair:4   | Reached skill level 15 in Invocations
 18299 | Lair:5   | Noticed an entropy weaver
 18304 | Lair:5   | Killed an entropy weaver
 18307 | Lair:5   | Noticed an entropy weaver
 18325 | Lair:5   | Killed an entropy weaver
 18325 | Lair:5   | Gained mutation: You have hoof-like feet. [demonic
                  | ancestry]
 18325 | Lair:5   | Reached XP level 14. HP: 35/111 MP: 1/25
 19016 | Lair:5   | Reached skill level 16 in Invocations
 19041 | Lair:5   | Found a viscous altar of Jiyva.
 19042 | Lair:5   | Found a staircase to the Slime Pits.
 19673 | Lair:5   | Got a pair of dazzling boots
 19690 | Lair:6   | Entered Level 6 of the Lair of Beasts
 19736 | Lair:6   | Identified the +2 pair of boots "Miasawk" {rC+ MR+ Int-2
                  | SInv} (You found it on level 5 of the Lair of Beasts)
 21903 | D:13     | Reached skill level 17 in Invocations
 21907 | D:13     | Reached ****** piety under Qazlal
 21975 | D:13     | Found a shattered altar of Ashenzari.
 22108 | D:13     | You fall into a shaft and drop 2 floors!
 22108 | D:15     | Entered Level 15 of the Dungeon
 22120 | D:15     | Gained mutation: You resist negative energy. (rN+) [demonic
                  | ancestry]
 22120 | D:15     | Reached XP level 15. HP: 117/119 MP: 21/27
 22144 | D:15     | Noticed Kirke
 22165 | D:15     | Killed Kirke
 22176 | D:14     | Found a glowing silver altar of Zin.
 22385 | D:14     | Found a gate leading to a gauntlet.
 22405 | Gauntlet | Entered a Gauntlet
 22405 | Gauntlet | Found a transporter.
 22405 | Gauntlet | Found a transporter.
 22693 | Gauntlet | Found a transporter.
 22694 | Gauntlet | Found a transporter.
 22695 | Gauntlet | Found a large runed translucent door.
 22696 | Gauntlet | Found a large runed translucent door.
 22697 | Gauntlet | Found a large runed translucent door.
 22697 | Gauntlet | Found a large runed translucent door.
 22697 | Gauntlet | Found a runed translucent door.
 22698 | Gauntlet | Found a large runed translucent door.
 22699 | Gauntlet | Found a large runed translucent door.
 22700 | Gauntlet | Found a large runed translucent door.
 22700 | Gauntlet | Found a large runed translucent door.
 22701 | Gauntlet | Found a runed translucent gate.
 22702 | Gauntlet | Found a runed translucent gate.
 22703 | Gauntlet | Found a transporter.
 22709 | Gauntlet | Found a transporter.
 22715 | Gauntlet | Found a transporter.
 22715 | Gauntlet | Found a transporter.
 22740 | Gauntlet | Found a runed translucent gate.
 22742 | Gauntlet | Found a large runed translucent door.
 22765 | Gauntlet | Found a transporter.
 22788 | Gauntlet | Found a transporter.
 22848 | Gauntlet | Got a faintly glowing platinum ring
 22900 | Gauntlet | Found a transporter.
 22907 | Gauntlet | Found a transporter.
 22940 | Gauntlet | Got a transparent helmet
 23236 | D:14     | Found an opulent altar of Gozag.
 23254 | D:14     | Found a portal to a secret trove of treasure.
 23261 | D:14     | Got a heavily jewelled robe
 23487 | D:14     | Reached skill level 18 in Invocations
 24122 | D:14     | Identified the +1 helmet of Dagg {rN+ Regen+ Dex+4} (You
                  | found it in a Gauntlet)
 24133 | D:14     | Identified the cursed ring "Xeuhuz" {rC+ MR- Int-2 Dex+3}
                  | (You found it in a Gauntlet)
 24280 | D:13     | Found a gate to the Vaults.
 24786 | Orc:1    | Entered Level 1 of the Orcish Mines
 24817 | Orc:1    | Found Suzxin's Antique Weapon Shop.
 24827 | Orc:1    | Found a dark tunnel.
 24857 | Volcano  | Entered a volcano
 25015 | Volcano  | Found a bloodstained altar of Trog.
 25396 | Orc:2    | Entered Level 2 of the Orcish Mines
 25467 | Orc:2    | Gained mutation: A demonic guardian rushes to your aid.
                  | [demonic ancestry]
 25467 | Orc:2    | Reached XP level 16. HP: 118/127 MP: 29/29
 25480 | Orc:2    | Reached skill level 15 in Long Blades
 25506 | Orc:2    | Found Biufuloc's Antique Weapon Boutique.
 25506 | Orc:2    | Found Suvits's Gadget Shoppe.
 25508 | Orc:2    | Found Zaunetae's Magic Scroll Boutique.
 25508 | Orc:2    | Found Utzoe's Jewellery Shoppe.
 25616 | Orc:2    | Bought a scroll of identify for 30 gold pieces
 25616 | Orc:2    | Bought a scroll of identify for 30 gold pieces
 25618 | Orc:2    | Identified a scroll of acquirement
 25784 | Orc:2    | Noticed Azrael
 25797 | Orc:2    | Killed Azrael
 26053 | Orc:2    | Found a staircase to the Elven Halls.
 26449 | Orc:2    | Bought a scroll of magic mapping for 52 gold pieces
 26608 | Spider:1 | Entered Level 1 of the Spider Nest
 26615 | Spider:1 | Reached skill level 19 in Invocations
 27667 | Spider:2 | You fall into a shaft and drop 1 floor!
 27673 | Spider:3 | Noticed Nikola
 28461 | Spider:3 | Noticed Asterion
 28470 | Spider:3 | Killed Nikola
 28470 | Spider:3 | Reached skill level 20 in Invocations
 28470 | Spider:3 | Killed Asterion
 28634 | Spider:3 | Noticed Arachne
 28650 | Spider:3 | Killed Arachne
 28849 | Spider:3 | Gained mutation: You are somewhat able to resist unholy
                  | torments (1 in 2 success). [demonic ancestry]
 28849 | Spider:3 | Reached XP level 17. HP: 127/136 MP: 31/31
 29193 | Spider:3 | Found a roughly hewn altar of Beogh.
 29282 | Spider:4 | Entered Level 4 of the Spider Nest
 29301 | Spider:4 | Reached skill level 5 in Dodging
 30014 | Spider:4 | Reached skill level 21 in Invocations
 30044 | Spider:4 | HP: 3/137 [spark wasp (5)]
 30367 | Spider:4 | Got a gossamer rune of Zot
 30714 | Vaults:1 | Entered Level 1 of the Vaults
 31273 | Vaults:1 | Reached XP level 18. HP: 97/145 MP: 32/32
 31571 | Vaults:1 | Noticed a lich
 31586 | Vaults:1 | Reached skill level 22 in Invocations
 31591 | Vaults:1 | Killed a lich
 31606 | Vaults:1 | Paralysed by a sphinx for 4 turns
 32040 | Lair:6   | Got a faintly humming chain mail
 32053 | Lair:6   | Identified the +2 chain mail "Oklefikh" {rF+ Int+3 Stlth+}
                  | (You found it on level 6 of the Lair of Beasts)
 33187 | Vaults:2 | Reached skill level 10 in Armour
 33195 | Vaults:2 | Reached skill level 23 in Invocations
 33656 | Vaults:2 | You fall into a shaft and drop 2 floors!
 33667 | Vaults:4 | Gained mutation: You have hooves in place of feet. [demonic
                  | ancestry]
 33667 | Vaults:4 | Reached XP level 19. HP: 121/153 MP: 34/34
 34176 | Vaults:4 | Reached skill level 15 in Fighting
 34741 | Vaults:4 | Found Tuthrienle's Antique Armour Shoppe.
 34744 | Vaults:4 | Bought a heavily runed helmet for 294 gold pieces
 35376 | Vaults:3 | Reached skill level 24 in Invocations
 35909 | Vaults:3 | Got an ichor-stained scale mail
 35971 | Vaults:3 | Found Kusotagi's Food Boutique.
 35982 | Vaults:3 | Noticed a Brimstone Fiend
 35986 | Vaults:3 | Reached skill level 10 in Dodging
 36223 | Vaults:3 | Reached XP level 20. HP: 163/163 MP: 36/36
 36777 | Vaults:2 | Found a staircase to the Crypt.
 36929 | Vaults:2 | Identified the +1 helmet "Dittopp" {rC+ rN+} (You bought it
                  | in a shop on level 4 of the Vaults)
 37183 | Vaults:2 | Found Vautt's General Store.
 37187 | Vaults:2 | Bought 3 scrolls of identify for 78 gold pieces
 37187 | Vaults:2 | Identified the cursed +0 scale mail of Ankyssyfil {-Cast
                  | rElec Int+4} (You found it on level 3 of the Vaults)
 37631 | Elf:1    | Entered Level 1 of the Elven Halls
 38055 | Elf:1    | Reached skill level 25 in Invocations
 38138 | Elf:1    | Found a runed translucent gate.
 38138 | Elf:1    | Found a runed translucent gate.
 38138 | Elf:1    | Found a runed translucent gate.
 38138 | Elf:1    | Found a runed translucent gate.
 38138 | Elf:1    | Found a runed translucent gate.
 38140 | Elf:1    | Found a runed translucent gate.
 38252 | Elf:1    | Found Deufer's Antique Armour Emporium.
 38258 | Elf:1    | Bought a smoking chain mail for 361 gold pieces
 39489 | Elf:2    | Found a runed translucent gate.
 39489 | Elf:2    | Found a runed translucent gate.
 39489 | Elf:2    | Found a runed translucent gate.
 39603 | Elf:3    | Entered Level 3 of the Elven Halls
 39613 | Elf:3    | Identified the +2 chain mail of the Postmodern Demons
                  | {rCorr Int+5 Dex-3} (You bought it in a shop on level 1 of
                  | the Elven Halls)
 40055 | Elf:3    | Identified the +4 ring mail "Lued" {+Inv rElec Regen+
                  | Str-5}
 40079 | Elf:3    | Identified the ring of Meranarr {rF+ MP+9 Dex+3}
 40083 | Elf:3    | Reached XP level 21. HP: 114/172 MP: 33/37
 40255 | Elf:3    | Identified the +5 whip of Valour {protect, rElec MR+}
 40279 | Elf:3    | Reached skill level 26 in Invocations
 40472 | Elf:3    | Got a sparkling steel ring
 40487 | Elf:3    | Got a shimmering silver ring
 40528 | Elf:3    | Identified the Guide on Dark Arts and Beguiling
 40668 | Elf:3    | Identified the ring of Luchuaf {+Fly rPois rF+ rN+} (You
                  | found it on level 3 of the Elven Halls)
 41103 | D:15     | Found a staircase to the Depths.
 41149 | D:15     | Identified the ring of Luef {Fire rElec rPois} (You found
                  | it on level 3 of the Elven Halls)
 41667 | Depths:1 | Entered Level 1 of the Depths
 41667 | Depths:1 | Found a one-way gate to the infinite horrors of the Abyss.
 42711 | Depths:1 | Found a gateway to Hell.
 42899 | Depths:2 | Found a corrupted altar of Lugonu.
 43420 | Depths:2 | Reached skill level 27 in Invocations
 43736 | Depths:2 | Noticed Mara
 43753 | Depths:2 | Noticed floatRand's illusion
 43753 | Depths:2 | Killed Mara
 43753 | Depths:2 | Reached XP level 22. HP: 181/182 MP: 35/39
 43911 | Depths:2 | Found Esig's Slaves and Accessories.
 44001 | Depths:2 | Found The Legendary Inauh's Legendary Smithy.
 44039 | Depths:2 | Found Jack's Jerk-a-riffic Jerky.
 44094 | Depths:2 | Found Sunask's Miraculous Elixirs.
 44324 | Depths:2 | Noticed an ancient lich
 44331 | Depths:2 | Killed an ancient lich
 44668 | Depths:2 | Found an ancient bone altar of Kikubaaqudgha.
 45876 | Depths:3 | Found a one-way gate leading to the halls of Pandemonium.
 45967 | Depths:3 | Found a snail-covered altar of Cheibriados.
 46385 | Depths:4 | Noticed a caustic shrike
 46392 | Depths:4 | Killed a caustic shrike
 46423 | Depths:4 | Reached XP level 23. HP: 120/192 MP: 40/40
 46746 | Depths:4 | Reached skill level 15 in Armour
 46762 | Depths:4 | Noticed a caustic shrike
 46762 | Depths:4 | an iron giant changed into a caustic shrike
 46766 | Depths:4 | a caustic shrike changed into an iron dragon
 47155 | Depths:4 | Noticed a juggernaut
 47177 | Depths:4 | Found a runed translucent door.
 47184 | Depths:4 | Identified the +4 glaive of Yqua {flame, +Blink rC+ Str+3
                  | Int+2}
 47251 | Depths:4 | Identified the cursed +2 quarterstaff of True Grit {pain,
                  | Int+4}
 47252 | Depths:4 | Killed a juggernaut
 47257 | Depths:4 | Identified the ring of Appamulium {+Fly rF- rN+ MR+ Int+7}
 47260 | Depths:4 | Reached skill level 10 in Shields
 47548 | Depths:4 | Got a translucent hand crossbow
 47635 | Depths:4 | Got a jewelled chain mail
 47713 | Depths:4 | Identified Gycautyato's Grimoire of Venomous Curses
 47836 | Depths:4 | Identified the +3 hand crossbow of Fortitude {venom, rF+}
                  | (You found it on level 4 of the Depths)
 47837 | Depths:4 | Identified the +8 chain mail "Ikaz" {rF++ Regen+ Str+4
                  | Int+3} (You found it on level 4 of the Depths)
 48178 | Depths:5 | Entered Level 5 of the Depths
 48286 | Depths:5 | Found a gateway to a ziggurat.
 48390 | Depths:5 | Reached skill level 15 in Dodging
 48395 | Depths:5 | Found a gate to the Realm of Zot.
 48601 | Depths:5 | Found Zoocs's Assorted Antiques.
 48610 | Depths:5 | Bought a scroll of magic mapping for 154 gold pieces
 49630 | Crypt:1  | Entered Level 1 of the Crypt
 50404 | Crypt:1  | Reached XP level 24. HP: 202/202 MP: 40/40
 51152 | Crypt:2  | Learned a level 2 spell: Blink
 52019 | Crypt:3  | Entered Level 3 of the Crypt
 52025 | Crypt:3  | Found an ancient bone altar of Kikubaaqudgha.
 52363 | Crypt:3  | Identified the +7 long sword "Tacsuk" {pain, MR+ SInv}
 52363 | Crypt:3  | Identified the amulet "Waereux" {Gourm +Blink}
 52389 | Crypt:3  | Noticed Mennas
 52417 | Crypt:3  | Found a runed translucent gate.
 52417 | Crypt:3  | Found a runed translucent gate.
 52417 | Crypt:3  | Found a runed translucent gate.
 52500 | Crypt:3  | Killed Mennas
 52870 | Crypt:3  | Found a staircase to the Tomb.
 53022 | Crypt:3  | Found a basalt altar of Yredelemnul.
 53025 | Crypt:3  | Found an ancient bone altar of Kikubaaqudgha.
 53052 | Crypt:3  | Identified the cursed +1 ice dragon scales of the Desert
                  | {rF- rC++ Int+4} (You found it on level 3 of the Crypt)
 53059 | Crypt:3  | Identified the ring of Wan Teex {rElec rN+ Stlth+} (You
                  | found it on level 3 of the Crypt)
 53060 | Crypt:3  | Identified the ring of Pompeaf {+Inv rElec rPois rC- rN+}
                  | (You found it on level 3 of the Crypt)
 53095 | Crypt:3  | Identified the Papyrus of Evil Rites
 53427 | D:14     | You paid a toll of 2 scrolls of acquirement to enter a
                  | treasure trove
 53428 | Trove    | Entered a treasure trove
 53822 | Swamp:1  | Entered Level 1 of the Swamp
 53838 | Swamp:1  | Gained mutation: A meltable icy envelope protects you from
                  | harm. (AC +10) [demonic ancestry]
 53838 | Swamp:1  | Reached XP level 25. HP: 209/211 MP: 40/40
 53950 | Swamp:1  | Noticed Donald
 53964 | Swamp:1  | Killed Donald
 54724 | Swamp:2  | Noticed Louise
 54733 | Swamp:2  | Killed Louise
 55110 | Swamp:2  | Identified Roxanne's Grimoire of Moulding
 55110 | Swamp:2  | Noticed Roxanne
 55134 | Swamp:2  | Killed Roxanne
 56215 | Swamp:4  | Entered Level 4 of the Swamp
 56507 | Swamp:4  | Got a decaying rune of Zot
 57440 | Vaults:5 | Entered Level 5 of the Vaults
 57562 | Vaults:5 | Noticed an ancient lich
 57571 | Vaults:5 | Killed an ancient lich
 57574 | Vaults:5 | Gained mutation: A powerful demonic guardian rushes to your
                  | aid. [demonic ancestry]
 57574 | Vaults:5 | Reached XP level 26. HP: 172/222 MP: 32/40
 57917 | Vaults:5 | Found Sekerphy's Book Boutique.
 58064 | Vaults:5 | Got a vibrating ivory ring
 58070 | Vaults:5 | Identified the ring "Diyt" {rF+ rC+} (You found it on level
                  | 5 of the Vaults)
 58147 | Vaults:5 | Identified the Catalogue of Warped Transmutation
 58455 | Vaults:5 | Got a silver rune of Zot
 58495 | Vaults:5 | Identified Xiymm's Reference Book on Twisted Evil Secrets
 58738 | Vaults:5 | Got an ancient chain mail
 58739 | Vaults:5 | Identified the +1 chain mail of the Orcish Mines {MR+ Str+8
                  | Stlth-} (You found it on level 5 of the Vaults)
 59307 | Slime:1  | Entered Level 1 of the Pits of Slime
 59478 | Slime:2  | Noticed Dissolution
 59491 | Slime:2  | Killed Dissolution
 59745 | Slime:5  | Entered Level 5 of the Pits of Slime
 59753 | Slime:5  | Noticed the Royal Jelly
 59769 | Slime:5  | Killed the Royal Jelly
 59769 | Slime:5  | Reached skill level 15 in Shields
 59874 | Slime:5  | Got a slimy rune of Zot
 59885 | Slime:5  | Identified Sif Muna's Guide on Boosting Creation
 59909 | Slime:5  | Identified the +7 plate armour of Eruckih {Int+3 Dex+3}
                  | (You found it on level 5 of the Pits of Slime)
 59932 | Slime:5  | Got a warped marble ring
 59933 | Slime:5  | Identified the ring "Fitualue" {*Contam rPois rF+ rC+ rN++}
                  | (You found it on level 5 of the Pits of Slime)
 59944 | Slime:5  | Got a pair of distressingly furry gloves
 59945 | Slime:5  | Identified the +1 pair of gloves of Indomitability {Dex+4}
                  | (You found it on level 5 of the Pits of Slime)
 59971 | Slime:5  | Identified Quewniarph's Guide on the Escort
 60842 | Pan      | Entered Pandemonium
 61225 | Pan      | Noticed Vosmad the pandemonium lord
 61236 | Pan      | Killed Vosmad the pandemonium lord
 61236 | Pan      | Gained mutation: Your melee attacks may debilitate your
                  | foes. [demonic ancestry]
 61236 | Pan      | Reached XP level 27. HP: 106/231 MP: 19/40
 61415 | Pan      | Got a demonic rune of Zot
 61510 | Pan      | Noticed Joxos the pandemonium lord
 61531 | Pan      | Killed Joxos the pandemonium lord
 61619 | Pan      | Noticed Dokufuah the pandemonium lord
 61621 | Pan      | Entered the realm of Lom Lobon.
 61814 | Pan      | Found an exit through the horrors of the Abyss.
 61924 | Pan      | Identified the cursed +2 broad axe "Ubafau" {chop, rElec
                  | MR+} (You found it in Pandemonium)
 62219 | Pan      | Noticed Lom Lobon
 62241 | Pan      | Killed Lom Lobon
 62270 | Pan      | Got a magical rune of Zot
 62594 | Pan      | Entered the realm of Cerebov.
 62974 | Pan      | Identified the +6 sword of Cerebov {flame}
 62974 | Pan      | Noticed Cerebov
 63000 | Pan      | Killed Cerebov
 63018 | Pan      | Got a fiery rune of Zot
 63068 | Pan      | Identified the +1 chain mail of Eternity {rN+ Regen+} (You
                  | found it in Pandemonium)
 63071 | Pan      | Identified the +3 scale mail "Bist" {SInv} (You found it in
                  | Pandemonium)
 63099 | Pan      | Identified the Collected Works on Hurtful Shape Shifting
 63116 | Pan      | Got a scorched brass ring
 63118 | Pan      | Identified the ring "Oricuoq" {+Fly rPois MR+++ Dex-4
                  | Stlth+} (You acquired it in Pandemonium)
 63146 | Pan      | Identified the +8 chain mail "Nutuag" {rF- MR++ Str+2 SInv}
                  | (You found it in Pandemonium)
 63167 | Pan      | Got a shimmering gossamer ring
 63494 | Pan      | Found an exit through the horrors of the Abyss.
 63668 | Pan      | Noticed Senuhirr the pandemonium lord
 63687 | Pan      | Killed Senuhirr the pandemonium lord
 64053 | Pan      | Gained mutation: You are dopey. (Int -2) [a cacodemon]
 64115 | Pan      | Noticed Porragehih the pandemonium lord
 64135 | Pan      | Killed Porragehih the pandemonium lord
 64139 | Pan      | Identified the +2 shield of the Orb Guardian {MR+}
 64318 | Pan      | Gained mutation: You possess an exceptional clarity of
                  | mind. [a cacodemon]
 64649 | Pan      | Entered the realm of Gloorx Vloq.
 64771 | Pan      | Found an exit through the horrors of the Abyss.
 65333 | Pan      | Noticed Gloorx Vloq
 65350 | Pan      | Killed Gloorx Vloq
 65498 | Pan      | Got a dark rune of Zot
 65723 | Pan      | Noticed Tohot the pandemonium lord
 65749 | Pan      | Killed Tohot the pandemonium lord
 65753 | Pan      | Found an exit through the horrors of the Abyss.
 65882 | Pan      | Found a runed translucent door.
 65886 | Pan      | Found a runed translucent door.
 65889 | Pan      | Noticed Koxaec the pandemonium lord
 65889 | Pan      | Found a runed translucent door.
 66192 | Pan      | Entered the realm of Mnoleg.
 66194 | Pan      | Noticed Ignacio
 66202 | Pan      | Noticed Mnoleg
 66205 | Pan      | Killed Ignacio
 66209 | Pan      | Lost mutation: You possess an exceptional clarity of mind.
                  | [a cacodemon]
 66210 | Pan      | Gained mutation: You do not regenerate when monsters are
                  | visible. [a cacodemon]
 66227 | Pan      | Killed Mnoleg
 66290 | Pan      | Lost mutation: You are dopey. (Int -2) [potion of mutation]
 66290 | Pan      | Lost mutation: You do not regenerate when monsters are
                  | visible. [potion of mutation]
 66290 | Pan      | Gained mutation: You expend magic power (3 MP) to
                  | strengthen your wands. [potion of mutation]
 66290 | Pan      | Gained mutation: Your mind is acute. (Int +2) [potion of
                  | mutation]
 66290 | Pan      | Gained mutation: Your mind is very acute. (Int +4) [potion
                  | of mutation]
 66324 | Pan      | Got a glowing rune of Zot
 66454 | Pan      | Found an exit through the horrors of the Abyss.
 66869 | Pan      | Took an exit into the Abyss.
 66869 | Abyss:1  | Escaped into the Abyss
 66872 | Abyss:1  | Found a corrupted altar of Lugonu.
 66948 | Abyss:2  | Gained mutation: Scrolls take you a little longer to read.
                  | [a neqoxec]
 66957 | Abyss:2  | Lost mutation: Your mind is very acute. (Int +4) [potion of
                  | mutation]
 66957 | Abyss:2  | Lost mutation: Scrolls take you a little longer to read.
                  | [potion of mutation]
 66957 | Abyss:2  | Lost mutation: You expend magic power (3 MP) to strengthen
                  | your wands. [potion of mutation]
 66957 | Abyss:2  | Gained mutation: Your spells are a little harder to cast,
                  | but a little more powerful. [potion of mutation]
 66957 | Abyss:2  | Gained mutation: Your magical capacity is low. (-10% MP)
                  | [potion of mutation]
 66957 | Abyss:2  | Gained mutation: Your mind is very acute. (Int +4) [potion
                  | of mutation]
 67088 | Abyss:3  | Got an abyssal rune of Zot
 67265 | Depths:3 | Escaped the Abyss
 67274 | Depths:3 | Identified the ring "Feadghai" {+Fly rElec Stlth+} (You
                  | found it in Pandemonium)
 67309 | Hell     | Entered the Vestibule of Hell
 67312 | Hell     | Noticed Geryon
 67330 | Hell     | Killed Geryon
 67481 | Hell     | Found a gateway to the Iron City of Dis.
 67592 | Hell     | Found a gateway to the freezing wastes of Cocytus.
 67715 | Hell     | Found a gateway to the ashen valley of Gehenna.
 67784 | Hell     | Found a gateway to the decaying netherworld of Tartarus.
 67840 | Hell     | Lost mutation: Your magical capacity is low. (-10% MP)
                  | [potion of mutation]
 67840 | Hell     | Lost mutation: Your mind is very acute. (Int +4) [potion of
                  | mutation]
 67840 | Hell     | Gained mutation: Your body sometimes deteriorates upon
                  | taking damage. [potion of mutation]
 67840 | Hell     | Gained mutation: Your muscles are strong. (Str +2) [potion
                  | of mutation]
 67841 | Hell     | Lost mutation: Your muscles are strong. (Str +2) [potion of
                  | mutation]
 67841 | Hell     | Lost mutation: Your spells are a little harder to cast, but
                  | a little more powerful. [potion of mutation]
 67841 | Hell     | Gained mutation: Your mind is very acute. (Int +4) [potion
                  | of mutation]
 67841 | Hell     | Gained mutation: You have a pair of small antennae on your
                  | head. [potion of mutation]
 67841 | Hell     | Gained mutation: You are resistant to electric shocks.
                  | (rElec) [potion of mutation]
 67841 | Hell     | Gained mutation: You have supernaturally acute eyesight.
                  | (SInv) [potion of mutation]
 67890 | Geh:1    | Entered Level 1 of Gehenna
 68315 | Geh:3    | You fall into a shaft and drop 1 floor!
 68551 | Geh:5    | Killed from afar by a Brimstone Fiend

Levels and vault maps discovered:
D:1:      ncdulo_lavacross, layout_rooms, chequers_serial_rivers_micro_a
D:2:      layout_basic, uniq_natasha, uniq_crazy_yiuf_cottage, uniq_terence
D:3:      layout_rooms, cheibrodos_sewer_entry_bend, lemuel_flame_loot_1
D:4:      layout_gridville, ebering_ghost_rock_garden, minmay_quadrilaterals
D:5:      layout_rooms, grunt_dithmenos_smoke, first_ration,
          nrook_mini_backslash, minmay_misc_feat_plants
D:6:      layout_basic, lemuel_temple_firewalk_b, uniq_prince_ribbit1,
          uniq_sigmund, uniq_menkaure, uniq_blork_the_orc
D:7:      layout_basic, uniq_joseph
D:8:      layout_layer_cave
D:9:      layout_basic, orc_0_dummy, serial_shops, shop, shop, the_bakery,
          okawaru_gym_becter
D:10:     layout_gridville, erik_lair_orcish_takeover, nrook_pool_corridor,
          uniq_psyche, uniq_harold
D:11:     layout_irregular_city, gammafunk_ghost_necromancy, serial_ice,
          serial_ice_a, serial_ice_d, serial_ice_k, serial_ice_h, serial_ice_n,
          serial_ice_e, portal_ice_cave_entry_ice_beasts,
          lightli_fourway_metalbox
D:12:     layout_roguey
D:13:     layout_basic, ximxim_vaults_locker_room, nicolae_ashenzari_panopticon
D:14:     layout_basic, solitary_fountain, nicolae_trove_entry_free_sample,
          gauntlet_entry_generic, basic_altar,
          nicolae_gozag_cash_rules_everything_around_me
D:15:     grunt_enter_depths_magical_seal, layout_cave_pools,
          nrook_loot_triangle, uniq_kirke
Temple:   compressed_dpeg_triangle_lava_temple
Lair:1:   layout_long_grid, guppyfry_lair_drakes
Lair:2:   layout_small_grid, minmay_swamp_entry_reptiles,
          spider_nest_entry_webs, serial_bayou_shore_b
Lair:3:   layout_layer_cave, infiniplex_staircase_pool_2
Lair:4:   layout_roguey [special_room_bee], st_stairs_4, ldierk_geyser,
          grunt_megastairs_5
Lair:5:   layout_hall_layers, dpeg_slime_entry_enclosed_altar,
          minmay_another_anthill
Lair:6:   minmay_lair_end_enchanted_forest, layout_big_grid
Swamp:1:  layout_basic_swamp, evilmike_swamp_ruin_rubble_1, uniq_donald
Swamp:2:  layout_falls_marsh, hangedman_swamp_ruin_wall,
          infiniplex_staircase_pool, uniq_louise, uniq_roxanne
Swamp:3:  layout_basic_swamp, evilmike_swamp_ruin_house_1, swamp_pool1
Swamp:4:  swamp_alternative, layout_basic_swamp
Spider:1: layout_spider_delve
Spider:2: layout_spider_delve
Spider:3: nicolae_spider_mines_2, drop_trap, nicolae_arachne_temple,
          uniq_nikola, uniq_arachne, uniq_asterion
Spider:4: grunt_spider_rune_parallel
Slime:1:  layout_caves
Slime:2:  layout_caves, uniq_dissolution
Slime:3:  layout_caves
Slime:4:  layout_caves, dissolution_awaits
Slime:5
Orc:1:    layout_caves, nicolae_volcano_entry_hallway, basic_altar,
          serial_shops, shop_coins, gammafunk_ghost_grave
Orc:2:    grunt_orc_tribal_feast, layout_diamond_mine, abandoned_shop,
          uniq_azrael
Elf:1:    elf_arrival_002, layout_onion_city, serial_shops, shop, orc_legates,
          hangedman_elf_represent
Elf:2:    layout_onion_city
Elf:3:    minmay_elf_hall_quartered_circle, layout_loops_cross
Vaults:1: vaults_room_grunt_arrival_ludios, grunt_vaults_bifocal, v_misc_8,
          ontoclasm_vaults_hangar, dpeg_vaults_monster_row,
          nicolae_vaults_hallways_thing, v_misc_14, grunt_vaults_swirl,
          dpeg_vaults_monster_box, vaults_room_boxed, layout_vaults_maze_snakey
Vaults:2: minmay_crypt_entry_skeletal_spiral, vaults_mumra_minichess_inversion,
          nicolae_vaults_network_quinsquares
          [nicolae_vaults_network_quincunx_subvault,
          nicolae_vaults_network_quincunx_subvault,
          nicolae_vaults_network_quincunx_subvault,
          nicolae_vaults_network_quincunx_subvault], vaults_mumra_chevron,
          nicolae_vaults_ring_of_whatevers, ontoclasm_vaults_idyll,
          v_alt_pattern_3, ontoclasm_vaults_eye, vaults_mumra_bighexcomb,
          v_rooms_4, ontoclasm_vaults_chip, nicolae_vaults_mini_display_case,
          layout_vaults_ring, serial_shops, shop
Vaults:3: v_misc_28, serial_ice_g, v_misc_15, nicolae_vaults_circle_grid_b,
          v_misc_22, nicolae_vaults_meeting, grunt_vaults_diagonal,
          vaults_room_pool, hangedman_vaults_impose, vaults_dpeg_cross,
          vaults_dpeg_ring, layout_vaults_big_room, serial_shops, shop
Vaults:4: v_misc_30, hangedman_vaults_cutoff, nicolae_vaults_rhombus_7,
          nicolae_vaults_little_squares_4, ontoclasm_vaults_shuriken,
          nicolae_vaults_display_case, v_pattern_4, nicolae_vaults_angled_halls,
          layout_vaults_omnigrid, serial_shops, nicolae_shop_behind_doors
Vaults:5
Crypt:1:  grunt_deathspiral_small, layout_rooms, minivault_14,
          minmay_misc_feat_hallway, grunt_crypt_arrival_webbed
Crypt:2:  layout_basic
Crypt:3:  lightli_unholy_cathedral, layout_chaotic_city,
          nicolae_tomb_entry_unfolded_pyramid_diagonal, basic_altar,
          small_statue_intersection, pandoras_box_mu, uniq_mennas
Depths:1: minmay_textured_paths, layout_gridlike,
          chequers_serial_rivers_micro_c, abyss_entry, hell_entry,
          grunt_decor_one_mirror, kennysheep_generic_room_12,
          serial_bayou_shore_b, firewood_loft
Depths:2: grated_community_mu [grated_community_mu_vampire_home,
          grated_community_mu_giant_home, grated_community_mu_spellcaster_home,
          grated_community_mu_orcish_home, grated_community_mu_troll_home,
          grated_community_mu_taur_home, grated_community_mu_unbuilt_plot],
          layout_small_grid, hangedman_tar_grid_catacomb,
          abyss_entry_flame_altar, minmay_holes, uniq_mara
Depths:3: minmay_angry_zag, layout_cave_pools, rand_demon_pan_entry_9,
          cheibriados_altar_1, hell_entry, infiniplex_staircase_pool_1,
          serial_bayou_shore_b, serial_bayou_shore_a
Depths:4: box_level_dp, hell_entry, abyss_entry
Depths:5: evilmike_zot_entry_argh, layout_cave_shapes, enter_ziggurat_a,
          abyss_entry, pf_dread_powers_of_hell, serial_shops,
          nicolae_shop_overgrown_old_shop, serial_bayou_lagoon_a, pan_entry,
          minmay_metal_thing
Hell
Geh:1:    layout_gehenna_lava_caves
Geh:2:    layout_gehenna_pools_triple
Geh:3:    layout_gehenna_lava_caves
Geh:4:    layout_gehenna_pools_box
Geh:5:    layout_gehenna_pools_basic

Skill      XL: |  1  2  3  4  5  6  7  8  9 10 11 12 13 14 15 16 17 18 19 20 21 22 23 24 25 26 27 |
---------------+----------------------------------------------------------------------------------+-----
Axes           | 3 4 5 6 |  6.9
Armour         | 1 2 3 4 6 7 9 10 11 12 13 14 15 16 17 19 21 | 21.9
Fighting       | 3 4 5 7 8 9 10 11 12 13 14 15 16 17 18 19 20 21 22 24 | 24.9
Long Blades    | 5 8 10 11 12 13 14 15 18 | 18.4
Invocations    | 5 8 11 13 15 17 18 20 21 23 24 25 27 | 27.0
Shields        | 3 5 6 8 9 11 12 14 15 | 15.1
Dodging        | 4 7 8 10 11 12 14 15 16 17 18 21 | 21.5
Throwing       | |  1.7

Action                   |  1- 3 |  4- 6 |  7- 9 | 10-12 | 13-15 | 16-18 | 19-21 | 22-24 | 25-27 || total
-------------------------+-------+-------+-------+-------+-------+-------+-------+-------+-------++-------
Melee: War axe           |    58 |   323 |   278 |       |       |       |       |       |       ||   659
       Kick              |       |    54 |       |       |       |       |   507 |   717 |  1371 ||  2649
       Double sword      |       |       |    83 |   358 |   835 |   863 |  1042 |  1207 |  2416 ||  6804
Throw: Throwing net      |       |     1 |     1 |       |       |       |       |       |       ||     2
Invok: Upheaval          |       |       |       |     3 |    33 |    21 |    22 |    17 |    39 ||   135
       Disaster Area     |       |       |       |       |     1 |     2 |     3 |       |     4 ||    10
Evoke: Wand              |       |       |       |       |     6 |     4 |     1 |       |     1 ||    12
       Phantom mirror    |       |       |       |       |       |       |       |       |     1 ||     1
  Use: Scroll            |       |     4 |       |    17 |    16 |    10 |    10 |     6 |    23 ||    86
       Potion            |       |     1 |     2 |       |       |     6 |     1 |     3 |     9 ||    22
 Stab: Distracted        |       |       |     3 |     3 |     5 |     3 |    10 |    15 |     8 ||    47
       Invisible         |       |       |       |       |       |       |     2 |       |       ||     2
       Confused          |       |       |       |       |       |       |       |       |     3 ||     3
  Eat: Chunk             |       |    12 |    17 |    11 |    20 |    13 |    18 |    11 |     4 ||   106
       Ration            |       |       |       |     2 |     5 |     4 |     4 |     7 |    14 ||    36
Armor: Leather armour    |     5 |       |       |       |       |       |       |       |       ||     5
       Chain mail        |    35 |   302 |   270 |   170 |   337 |   358 |   217 |   317 |   577 ||  2583
Dodge: Dodged            |    39 |   154 |   138 |   125 |   281 |   361 |   416 |   613 |  1334 ||  3461
       Deflected         |       |       |       |       |     8 |    14 |    46 |    47 |    46 ||   161
Block: Buckler           |       |    18 |    55 |   153 |   533 |   635 |   576 |   852 |    35 ||  2857
       Shield            |       |       |       |       |       |       |       |       |  2898 ||  2898
       Reflection        |       |       |       |       |       |       |       |       |    96 ||    96
       Rpst.: Double sword |       |       |     9 |    33 |    59 |    67 |    71 |    99 |   171 ||   509

Table legend:
 A = Non-vault XP
 B = Vault XP
 C = Vault XP percentage of total XP
 D = Non-vault monster count
 E = Vault monster count
 F = Vault count percentage of total count
                 A         B        C        D         E       F
            +---------+---------+-------+---------+---------+-------
      Total | 1149480 |  987016 |  46.2 |    2328 |    1267 |  35.2
            +---------+---------+-------+---------+---------+-------
        D:1 |     100 |      35 |  25.9 |      20 |       1 |   4.8
        D:2 |      98 |      36 |  26.9 |      25 |       1 |   3.8
        D:3 |     129 |      15 |  10.4 |      14 |       3 |  17.6
        D:4 |     648 |     246 |  27.5 |      30 |       3 |   9.1
        D:5 |     548 |       0 |   0.0 |      20 |       0 |   0.0
        D:6 |    1011 |     530 |  34.4 |      33 |       4 |  10.8
        D:7 |     783 |     460 |  37.0 |      22 |       1 |   4.3
        D:8 |    1378 |       0 |   0.0 |      21 |       0 |   0.0
        D:9 |    3110 |     205 |   6.2 |      40 |       1 |   2.4
       D:10 |    3915 |    2022 |  34.1 |      18 |      10 |  35.7
       D:11 |    3254 |    4350 |  57.2 |      26 |      31 |  54.4
       D:12 |    3045 |       0 |   0.0 |      17 |       0 |   0.0
       D:13 |    6158 |    7065 |  53.4 |      25 |      12 |  32.4
       D:14 |    8391 |       0 |   0.0 |      25 |       0 |   0.0
       D:15 |   24576 |   10126 |  29.2 |      67 |      13 |  16.2
     Lair:1 |    7060 |     315 |   4.3 |      32 |       2 |   5.9
     Lair:2 |    2695 |     890 |  24.8 |      10 |       4 |  28.6
     Lair:3 |    3217 |       0 |   0.0 |      13 |       0 |   0.0
     Lair:4 |    5019 |    3553 |  41.4 |      25 |      31 |  55.4
     Lair:5 |   15362 |    6054 |  28.3 |      41 |      27 |  39.7
     Lair:6 |    6796 |    8652 |  56.0 |      24 |      47 |  66.2
    Swamp:1 |   14686 |    1918 |  11.6 |      49 |       1 |   2.0
    Swamp:2 |   15818 |    3671 |  18.8 |      48 |       2 |   4.0
    Swamp:3 |    6771 |       0 |   0.0 |      20 |       0 |   0.0
    Swamp:4 |   12008 |   15453 |  56.3 |      31 |      26 |  45.6
   Spider:1 |   10994 |       0 |   0.0 |      27 |       0 |   0.0
   Spider:2 |   15046 |     809 |   5.1 |      43 |       3 |   6.5
   Spider:3 |    7604 |   21393 |  73.8 |      21 |      36 |  63.2
   Spider:4 |   12220 |   22181 |  64.5 |      30 |      51 |  63.0
    Slime:1 |   17008 |       0 |   0.0 |      23 |       0 |   0.0
    Slime:2 |   21871 |   13087 |  37.4 |      49 |       1 |   2.0
    Slime:3 |    3373 |       0 |   0.0 |      12 |       0 |   0.0
    Slime:4 |    4406 |    1934 |  30.5 |       8 |       1 |  11.1
    Slime:5 |    8999 |   26983 |  75.0 |      16 |      14 |  46.7
      Orc:1 |    3019 |       0 |   0.0 |      39 |       0 |   0.0
      Orc:2 |    2542 |   10105 |  79.9 |      37 |      39 |  51.3
      Elf:1 |   15560 |   19342 |  55.4 |      28 |      41 |  59.4
      Elf:2 |   12744 |     913 |   6.7 |      23 |       1 |   4.2
      Elf:3 |   18068 |   40786 |  69.3 |      29 |      27 |  48.2
   Vaults:1 |   47789 |   25112 |  34.4 |      87 |      33 |  27.5
   Vaults:2 |   15762 |   41198 |  72.3 |      28 |      63 |  69.2
   Vaults:3 |   45647 |   16799 |  26.9 |      74 |      23 |  23.7
   Vaults:4 |   29341 |   16352 |  35.8 |      54 |      27 |  33.3
   Vaults:5 |   26338 |  122166 |  82.3 |      39 |      80 |  67.2
    Crypt:1 |   23929 |   19936 |  45.4 |      41 |      30 |  42.3
    Crypt:2 |   38039 |       0 |   0.0 |      51 |       0 |   0.0
    Crypt:3 |   36528 |   54743 |  60.0 |      41 |      65 |  61.3
   Depths:1 |   29749 |    9610 |  24.4 |      44 |       9 |  17.0
   Depths:2 |   44121 |   58687 |  57.1 |      61 |      75 |  55.1
   Depths:3 |   60840 |    6673 |   9.9 |      76 |      11 |  12.6
   Depths:4 |   25694 |   82335 |  76.2 |      30 |      71 |  70.3
   Depths:5 |   23336 |   14392 |  38.1 |      22 |      13 |  37.1
       Hell |   25733 |   33610 |  56.6 |      47 |      63 |  57.3
      Geh:2 |   40379 |       0 |   0.0 |     111 |       0 |   0.0
      Geh:4 |    8403 |       0 |   0.0 |      23 |       0 |   0.0
      Geh:5 |   30567 |       0 |   0.0 |      50 |       0 |   0.0
    Abyss:2 |     565 |       0 |   0.0 |       4 |       0 |   0.0
    Abyss:3 |   13827 |    8972 |  39.4 |      23 |      22 |  48.9
        Pan |  282863 |  229708 |  44.8 |     341 |     147 |  30.1
      Sewer |       0 |      93 | 100.0 |       0 |      25 | 100.0
      IceCv |       0 |   11659 | 100.0 |       0 |      43 | 100.0
    Volcano |       0 |    6559 | 100.0 |       0 |      21 | 100.0
   Gauntlet |       0 |    5283 | 100.0 |       0 |      12 | 100.0
            +---------+---------+-------+---------+---------+-------
